ESL (28 & UNDER)
READING RAINBOWS @ NEWARK BULLDOGS
07/24/2028
 
TOP OF THE 1ST
Reading Rainbows batting - Pitching for Newark Bulldogs : RHP Ben Larsen
Pitching: RHP Ben Larsen
Batting: RHB Richard Case 0-0: Ball
1-0: Ground out 1-3 (Groundball, 13)
Batting: RHB Juan Magdayao 0-0: Ball
1-0: Ball
2-0: Called Strike
2-1: Ball
3-1: Base on Balls
Batting: RHB José Ortega 0-0: Ball
1-0: Ball
2-0: Called Strike
2-1: Foul Ball, location: 2F
2-2: Strikes out swinging
Batting: LHB Richard Henry 0-0: SINGLE (Line Drive, 78S)
Juan Magdayao to second
Batting: RHB Jeff Townsley 0-0: Called Strike
0-1: Called Strike
0-2: Ball
1-2: Strikes out looking
Top of the 1st over - 0 run(s), 1 hit(s), 0 error(s), 2 left on base; Reading 0 - Newark 0
BOTTOM OF THE 1ST
Newark Bulldogs batting - Pitching for Reading Rainbows : LHP Pedro Rosado
Pitching: LHP Pedro Rosado
Batting: LHB Gerardo Guzmán 0-0: Called Strike
0-1: Called Strike
0-2: Strikes out looking
Batting: RHB Peter Sexton 0-0: Ball
1-0: SINGLE (Groundball, 6MD)
Batting: RHB Tony Long 0-0: Ball
1-0: Swinging Strike
1-1: Ball
2-1: Foul Ball, location: 2F
2-2: Grounds into double play, 6-4-3 (Groundball, 6M)
Bottom of the 1st over - 0 run(s), 1 hit(s), 0 error(s), 0 left on base; Reading 0 - Newark 0
TOP OF THE 2ND
Reading Rainbows batting - Pitching for Newark Bulldogs : RHP Ben Larsen
Batting: RHB José Moreno 0-0: Bunted foul
0-1: Ball
1-1: Foul Ball, location: 2F
1-2: Strikes out swinging
Batting: SHB Dan Chandler 0-0: SINGLE (Groundball, 56D)
Batting: RHB Germán Romero 0-0: Ball
Dan Chandler steals 2nd base
1-0: Ball
2-0: SINGLE (Flyball, 8RS)
Dan Chandler to third
Runner from 3rd tries for Home, SAFE, no throw
Batting: RHB Hubert Brown 0-0: Foul Ball, location: 2F
0-1: Called Strike
0-2: Strikes out swinging
Batting: RHB Richard Case 0-0: Ball
1-0: Ball
2-0: Fly out, F9 (Flyball, 9)
Top of the 2nd over - 1 run(s), 2 hit(s), 0 error(s), 1 left on base; Reading 1 - Newark 0
BOTTOM OF THE 2ND
Newark Bulldogs batting - Pitching for Reading Rainbows : LHP Pedro Rosado
Batting: LHB Marvin Morris 0-0: Ball
1-0: Ball
2-0: Ball
3-0: Base on Balls
Batting: RHB Michael Skinner 0-0: Fielders Choice at 2nd, 1-6 (Groundball, P)
Batting: LHB Gabriel Aragón 0-0: SINGLE (Line Drive, 8LS)
Michael Skinner to second
Batting: LHB Wes Thompson 0-0: Fly out, F8 (Flyball, 8LD)
Runner from 2nd tags up, SAFE at 3rd, no throw
Batting: RHB Gabriel Villegas 0-0: SINGLE (Line Drive, 56D)
Michael Skinner scores
Gabriel Aragón to second
Batting: RHB Emílio Salas 0-0: Swinging Strike
0-1: Ball
1-1: Swinging Strike
1-2: Fly out, F9 (Line Drive, 9)
Bottom of the 2nd over - 1 run(s), 2 hit(s), 0 error(s), 2 left on base; Reading 1 - Newark 1
TOP OF THE 3RD
Reading Rainbows batting - Pitching for Newark Bulldogs : RHP Ben Larsen
Batting: RHB Juan Magdayao 0-0: Ball
1-0: Ball
2-0: Ground out 4-3 (Groundball, 4)
Batting: RHB José Ortega 0-0: Called Strike
0-1: Swinging Strike
0-2: Ball
1-2: Ball
2-2: Ball
3-2: Foul Ball, location: 2F
3-2: Strikes out swinging
Batting: LHB Richard Henry 0-0: Ball
1-0: Foul Ball, location: 2F
1-1: SINGLE (Groundball, 4MD)
Batting: RHB Jeff Townsley 0-0: Fly out, F8 (Flyball, 8RD)
Top of the 3rd over - 0 run(s), 1 hit(s), 0 error(s), 1 left on base; Reading 1 - Newark 1
BOTTOM OF THE 3RD
Newark Bulldogs batting - Pitching for Reading Rainbows : LHP Pedro Rosado
Batting: LHB Gerardo Guzmán 0-0: Called Strike
0-1: Ball
1-1: Ball
2-1: Foul Ball, location: 2F
2-2: Ball
3-2: Strikes out looking
Batting: RHB Peter Sexton 0-0: Swinging Strike
0-1: Foul Ball, location: 2F
0-2: Ball
1-2: Ball
2-2: Foul Ball, location: 2F
2-2: Strikes out swinging
Batting: RHB Tony Long 0-0: Ball
1-0: Ground out 5-3 (Groundball, 56)
Bottom of the 3rd over - 0 run(s), 0 hit(s), 0 error(s), 0 left on base; Reading 1 - Newark 1
TOP OF THE 4TH
Reading Rainbows batting - Pitching for Newark Bulldogs : RHP Ben Larsen
Batting: RHB José Moreno 0-0: Called Strike
0-1: Ball
1-1: Called Strike
1-2: Ball
2-2: Ball
3-2: SINGLE (Line Drive, 9LS)
Batting: SHB Dan Chandler 0-0: Foul Ball, location: 2F
0-1: Ball
1-1: Fielders Choice at 2nd, 3-6 (Groundball, 34)
Batting: RHB Germán Romero 0-0: 2-RUN HOME RUN (Line Drive, 7D), Distance : 379 ft
Batting: RHB Hubert Brown 0-0: Ball
1-0: Called Strike
1-1: Ball
2-1: Foul Ball, location: 2F
2-2: SINGLE (Groundball, 6MD)
Batting: RHB Richard Case 0-0: Ball
1-0: Ball
2-0: Called Strike
2-1: SINGLE (Flyball, 89S)
Hubert Brown to second
Runner from 2nd tries for 3rd, SAFE, no throw
Batting: RHB Juan Magdayao 0-0: Ball
1-0: Ball
2-0: 3-RUN HOME RUN (Line Drive, 8LXD), Distance : 419 ft
Pitching: LHP Josh Wall
Batting: RHB José Ortega 0-0: Called Strike
0-1: Foul Ball, location: 2F
0-2: Strikes out swinging
Batting: LHB Richard Henry 0-0: SINGLE (Groundball, 4D)
Batting: RHB Jeff Townsley 0-0: Fly out, F7 (Line Drive, 7)
Top of the 4th over - 5 run(s), 6 hit(s), 0 error(s), 1 left on base; Reading 6 - Newark 1
BOTTOM OF THE 4TH
Newark Bulldogs batting - Pitching for Reading Rainbows : LHP Pedro Rosado
Batting: LHB Marvin Morris 0-0: Ball
1-0: Called Strike
1-1: Ball
2-1: SINGLE (Flyball, 8RS)
Batting: RHB Michael Skinner 0-0: Called Strike
0-1: Fly out, F7 (Line Drive, 78S)
Batting: LHB Gabriel Aragón 0-0: Fly out, F8 (Flyball, 78M)
Batting: LHB Wes Thompson 0-0: Ball
1-0: Called Strike
1-1: Foul Ball, location: 2F
1-2: Strikes out looking
Bottom of the 4th over - 0 run(s), 1 hit(s), 0 error(s), 1 left on base; Reading 6 - Newark 1
TOP OF THE 5TH
Reading Rainbows batting - Pitching for Newark Bulldogs : LHP Josh Wall
Batting: RHB José Moreno 0-0: Ball
1-0: Foul Ball, location: 2F
1-1: Ball
2-1: Fly out, F9 (Flyball, 9)
Batting: SHB Dan Chandler 0-0: Ball
1-0: SINGLE (Groundball, 34S) (infield hit)
Batting: RHB Germán Romero 0-0: Called Strike
0-1: Ball
1-1: Called Strike
1-2: 2-RUN HOME RUN (Flyball, 7D), Distance : 375 ft
Batting: RHB Hubert Brown 0-0: Ball
1-0: Called Strike
1-1: Swinging Strike
1-2: Ball
2-2: Strikes out swinging
Batting: RHB Richard Case 0-0: Ball
1-0: Ball
2-0: Foul Ball, location: 2F
2-1: Ball
3-1: Foul Ball, location: 2F
3-2: Foul Ball, location: 2F
3-2: SINGLE (Groundball, 6) (infield hit)
Batting: RHB Juan Magdayao 0-0: Ball
1-0: Called Strike
1-1: Ball
2-1: Ball
3-1: Fly out, F8 (Line Drive, 8LD)
Top of the 5th over - 2 run(s), 3 hit(s), 0 error(s), 1 left on base; Reading 8 - Newark 1
BOTTOM OF THE 5TH
Newark Bulldogs batting - Pitching for Reading Rainbows : LHP Pedro Rosado
Batting: RHB Gabriel Villegas 0-0: Called Strike
0-1: Called Strike
0-2: Strikes out swinging
Batting: RHB Emílio Salas 0-0: Ball
1-0: Ball
2-0: Foul Ball, location: 2F
2-1: Ball
3-1: Base on Balls
Batting: LHB Gerardo Guzmán 0-0: Ball
1-0: Called Strike
1-1: Called Strike
1-2: Ball
Emílio Salas steals 2nd base
2-2: Foul Ball, location: 2F
2-2: Foul Ball, location: 2F
2-2: Foul Ball, location: 2F
2-2: Ball
3-2: Strikes out swinging
Batting: RHB Peter Sexton 0-0: Called Strike
0-1: Ball
1-1: Ball
2-1: Foul Ball, location: 2F
2-2: Ball
3-2: Foul Ball, location: 2F
3-2: SINGLE (Groundball, 34D)
Emílio Salas to third
Emílio Salas scores
Batting: RHB Tony Long 0-0: Ball
1-0: Called Strike
1-1: Foul Ball, location: 2F
1-2: Ball
2-2: Fly out, F9 (Flyball, 9LMF)
Bottom of the 5th over - 1 run(s), 1 hit(s), 0 error(s), 1 left on base; Reading 8 - Newark 2
TOP OF THE 6TH
Reading Rainbows batting - Pitching for Newark Bulldogs : LHP Josh Wall
Batting: RHB José Ortega 0-0: Called Strike
0-1: Foul Ball, location: 2F
0-2: Fly out, F8 (Flyball, 8LD)
Pitching: RHP Chris Johns
Batting: LHB Richard Henry 0-0: Ball
1-0: Swinging Strike
1-1: Swinging Strike
1-2: Foul Ball, location: 2F
1-2: Foul Ball, location: 2F
1-2: Ball
2-2: Foul Ball, location: 2F
2-2: Foul Ball, location: 2F
2-2: Strikes out swinging
Batting: RHB Jeff Townsley 0-0: Ball
1-0: Foul Ball, location: 2F
1-1: Foul Ball, location: 2F
1-2: Ball
2-2: Ground out 5-3 (Groundball, 56)
Top of the 6th over - 0 run(s), 0 hit(s), 0 error(s), 0 left on base; Reading 8 - Newark 2
BOTTOM OF THE 6TH
Newark Bulldogs batting - Pitching for Reading Rainbows : LHP Pedro Rosado
Batting: LHB Marvin Morris 0-0: Called Strike
0-1: Ball
1-1: Called Strike
1-2: Ball
2-2: Ball
3-2: Foul Ball, location: 2F
3-2: Ground out 1-3 (Groundball, P)
Batting: RHB Michael Skinner 0-0: Called Strike
0-1: Foul Ball, location: 2F
0-2: Fly out, F8 (Flyball, 8RXD)
Batting: LHB Gabriel Aragón 0-0: Called Strike
0-1: Ball
1-1: Ball
2-1: Foul Ball, location: 2F
2-2: Ball
3-2: Base on Balls
Batting: LHB Wes Thompson 0-0: Ball
1-0: Called Strike
1-1: Ball
2-1: Fielders Choice at 2nd, 5-4 (Groundball, 56)
Bottom of the 6th over - 0 run(s), 0 hit(s), 0 error(s), 0 left on base; Reading 8 - Newark 2
TOP OF THE 7TH
Reading Rainbows batting - Pitching for Newark Bulldogs : RHP Chris Johns
Batting: RHB José Moreno 0-0: Swinging Strike
0-1: Ball
1-1: Ball
2-1: Ball
3-1: SINGLE (Groundball, 4MD)
Batting: SHB Dan Chandler 0-0: Called Strike
José Moreno steals 2nd base
0-1: Ball
1-1: Ball
2-1: DOUBLE (Line Drive, 78M)
José Moreno scores
Batting: RHB Germán Romero 0-0: Ball
1-0: Foul Ball, location: 2F
1-1: Foul Ball, location: 2F
1-2: Ground out U3 (Groundball, 34)
Dan Chandler to third
Batting: RHB Hubert Brown 0-0: Called Strike
0-1: Called Strike
0-2: Ball
1-2: Foul Ball, location: 2F
1-2: Foul Ball, location: 2F
1-2: Strikes out swinging
Batting: RHB Richard Case 0-0: Called Strike
0-1: Ball
1-1: Foul Ball, location: 2F
1-2: Foul Ball, location: 2F
1-2: Strikes out swinging
Top of the 7th over - 1 run(s), 2 hit(s), 0 error(s), 1 left on base; Reading 9 - Newark 2
BOTTOM OF THE 7TH
Newark Bulldogs batting - Pitching for Reading Rainbows : LHP Pedro Rosado
Pitching: RHP Lane Lund
Batting: RHB Gabriel Villegas 0-0: Ball
1-0: Foul Ball, location: 2F
1-1: Foul Ball, location: 2F
1-2: Ball
2-2: Reached via error on a dropped throw, E1
Batting: RHB Emílio Salas 0-0: Foul Ball, location: 2F
0-1: Called Strike
0-2: SINGLE (Groundball, 6MD)
Gabriel Villegas to second
Batting: LHB Gerardo Guzmán 0-0: Ball
1-0: Ball
2-0: Ball
3-0: Called Strike
3-1: Called Strike
3-2: Base on Balls
Gabriel Villegas to third
Emílio Salas to second
Batting: RHB Peter Sexton 0-0: Fly out, F4 (Popup, 3D)
Batting: RHB Tony Long 0-0: Fielders Choice at 2nd, 6-4 (Groundball, 6)
Gabriel Villegas scores
Emílio Salas to third
Batting: LHB Marvin Morris 0-0: Called Strike
0-1: Ball
1-1: Swinging Strike
1-2: Foul Ball, location: 2F
1-2: Ball
2-2: Ball
3-2: Foul Ball, location: 2F
3-2: Foul Ball, location: 2F
3-2: Foul Ball, location: 2F
3-2: Fly out, F5 (Flyball, 5L)
Bottom of the 7th over - 1 run(s), 1 hit(s), 1 error(s), 2 left on base; Reading 9 - Newark 3
TOP OF THE 8TH
Reading Rainbows batting - Pitching for Newark Bulldogs : RHP Chris Johns
Batting: RHB Juan Magdayao 0-0: SINGLE (Groundball, 4D)
Batting: RHB José Ortega 0-0: Ball
1-0: Foul Ball, location: 2F
1-1: Foul Ball, location: 2F
1-2: Strikes out swinging
Batting: LHB Richard Henry 0-0: Ball
1-0: Foul Ball, location: 2F
1-1: Swinging Strike
1-2: SINGLE (Groundball, 56S) (infield hit)
Juan Magdayao to second
Batting: RHB Jeff Townsley 0-0: Ball
1-0: Called Strike
1-1: Swinging Strike
1-2: Foul Ball, location: 2F
1-2: Foul Ball, location: 2F
1-2: Ball
2-2: SINGLE (Line Drive, 5D)
Juan Magdayao to third
Richard Henry to second
Runner from 3rd tries for Home, SAFE, no throw
Batting: RHB José Moreno 0-0: Fly out, F8 (Flyball, 8RM)
Runner from 2nd tags up, SAFE at 3rd with throw
Batting: SHB Dan Chandler 0-0: Foul Ball, location: 2F
0-1: Called Strike
0-2: Ball
1-2: SINGLE (Groundball, 56D)
Richard Henry scores
Jeff Townsley to second
Pitching: RHP Jesús Salazar
Batting: RHB Germán Romero 0-0: Ground out 5-3 (Groundball, 56)
Top of the 8th over - 2 run(s), 4 hit(s), 0 error(s), 2 left on base; Reading 11 - Newark 3
BOTTOM OF THE 8TH
Newark Bulldogs batting - Pitching for Reading Rainbows : RHP Luis Silva
Pitching: RHP Luis Silva
Now at C: Louis Smith
Batting: RHB Michael Skinner 0-0: Ball
1-0: Foul Ball, location: 2F
1-1: Foul Ball, location: 2F
1-2: Fly out, F6 (Popup, 6)
Batting: LHB Gabriel Aragón 0-0: Ball
1-0: Foul Ball, location: 2F
1-1: SINGLE (Groundball, 56S) (infield hit)
Batting: LHB Wes Thompson 0-0: Ball
1-0: Ball
2-0: Called Strike
2-1: Ball
3-1: Base on Balls
Gabriel Aragón to second
Batting: RHB Gabriel Villegas 0-0: Foul Ball, location: 2F
0-1: Ball
1-1: Ball
2-1: Foul Ball, location: 2F
2-2: Ball
3-2: Base on Balls
Gabriel Aragón to third
Wes Thompson to second
Batting: RHB Emílio Salas 0-0: Ball
1-0: Swinging Strike
1-1: Ball
2-1: Foul Ball, location: 2F
2-2: Foul Ball, location: 2F
2-2: Strikes out swinging
Batting: LHB Gerardo Guzmán 0-0: Ball
1-0: SINGLE (Groundball, 34D)
Gabriel Aragón scores
Wes Thompson to third
Gabriel Villegas to second
Runner from 3rd tries for Home, throw and OUT!
Bottom of the 8th over - 1 run(s), 2 hit(s), 0 error(s), 2 left on base; Reading 11 - Newark 4
TOP OF THE 9TH
Reading Rainbows batting - Pitching for Newark Bulldogs : RHP Jesús Salazar
Batting: RHB Hubert Brown 0-0: Ball
1-0: Ball
2-0: Ball
3-0: Foul Ball, location: 2F
3-1: Foul Ball, location: 2F
3-2: Foul Ball, location: 2F
3-2: Base on Balls
Batting: RHB Richard Case 0-0: Called Strike
0-1: Fly out, F9 (Flyball, 9)
Batting: RHB Juan Magdayao 0-0: DOUBLE (Groundball, 5L)
Hubert Brown to third
Batting: RHB José Ortega 0-0: Called Strike
0-1: Ball
1-1: Called Strike
1-2: Ball
2-2: Ball
3-2: Base on Balls
Batting: LHB Richard Henry 0-0: SINGLE (Line Drive, 56D)
Hubert Brown scores
Juan Magdayao to third
José Ortega to second
Runner from 3rd tries for Home, SAFE, throw made home
Batting: RHB Jeff Townsley 0-0: Ball
1-0: Fly out, F8 (Flyball, 8RM)
Batting: RHB José Moreno 0-0: Ball
1-0: Called Strike
1-1: Ball
2-1: SINGLE (Line Drive, 8RS)
José Ortega to third
Richard Henry to second
Batting: SHB Dan Chandler 0-0: Ball
1-0: Ball
2-0: Called Strike
2-1: Ball
3-1: Base on Balls
José Ortega scores
Richard Henry to third
José Moreno to second
Pitching: RHP Roberto Cordero
Batting: RHB Louis Smith 0-0: Ball
1-0: SINGLE (Groundball, 56D)
Richard Henry scores
José Moreno to third
Dan Chandler to second
Runner from 3rd tries for Home, SAFE, throw made home
Batting: RHB Hubert Brown 0-0: Ball
1-0: Ball
2-0: Fly out, F8 (Line Drive, 8LM)
Top of the 9th over - 5 run(s), 4 hit(s), 0 error(s), 2 left on base; Reading 16 - Newark 4
BOTTOM OF THE 9TH
Newark Bulldogs batting - Pitching for Reading Rainbows : RHP Luis Silva
Batting: RHB Peter Sexton 0-0: Ball
1-0: Swinging Strike
1-1: Ball
2-1: Foul Ball, location: 2F
2-2: Ball
3-2: Foul Ball, location: 2F
3-2: Strikes out swinging
Pinch Hitting: RHB Joe Baker 0-0: Ball
1-0: Foul Ball, location: 2F
1-1: DOUBLE (Line Drive, 7LM)
Batting: LHB Marvin Morris 0-0: Ball
1-0: Called Strike
1-1: Ball
2-1: Called Strike
2-2: Strikes out swinging
Batting: RHB Michael Skinner 0-0: Called Strike
0-1: Ball
1-1: Ball
2-1: Foul Ball, location: 2F
2-2: Foul Ball, location: 2F
2-2: DOUBLE (Flyball, 78XD)
Joe Baker scores
Batting: LHB Gabriel Aragón 0-0: Ball
1-0: Swinging Strike
1-1: Called Strike
1-2: Foul Ball, location: 2F
1-2: Strikes out swinging
Bottom of the 9th over - 1 run(s), 2 hit(s), 0 error(s), 1 left on base; Reading 16 - Newark 5
Tuesday, August 8th, 2017 - OOTP Baseball 17.12 Build 75